 Dungeon Crawl Stone Soup version 0.30-a0-782-ge64f9170bb (webtiles) character file.

Game seed: 11423896194811719689

30 HoaS the Shooter (level 2, 0/24 HPs)
             Began as a Demigod Hunter on Mar 9, 2023.
             Succumbed to an adder's poison
             ... on level 2 of the Dungeon.
             The game lasted 00:01:42 (659 turns).

HoaS the Shooter (Demigod Hunter)                    Turns: 659, Time: 00:01:42

Health: 0/24       AC:  4    Str: 12    XL:     2   Next: 84%
Magic:  4/4        EV: 12    Int: 11    God:
Gold:   44         SH:  0    Dex: 17    Spells: 1/1 levels left

rFire   . . .      SeeInvis .    g - +0 arbalest
rCold   . . .      Faith    .    (shield currently unavailable)
rNeg    . . .      Spirit   .    c - +0 leather armour
rPois   .          Reflect  .    (no helmet)
rElec   .          Harm     .    (no cloak)
rCorr   .          Rampage  .    a - +0 pair of gloves
Will    .....                    (no boots)
Stlth   ++                       (no amulet)
HPRegen 0.24/turn                (no ring)
MPRegen 0.09/turn                (no ring)

@: lethally poisoned (0 -> -4)
A: high MP 1, forlorn, divine attributes
a: no special abilities


You were on level 2 of the Dungeon.
You visited 1 branch of the dungeon, and saw 2 of its levels.

You collected 44 gold pieces.

Inventory:

Hand Weapons
 g - a +0 arbalest (weapon)
Armour
 a - a +0 pair of gloves (worn)
 c - a +0 leather armour (worn)
Scrolls
 b - a scroll of immolation
 d - a scroll of blinking {unknown}
 e - a scroll of amnesia {unknown}
 f - a scroll of fear {unknown}
 h - a scroll of fog {unknown}
 i - 2 scrolls of identify {unknown}
 j - 2 scrolls of poison {unknown}
Potions
 k - a potion of degeneration {unknown}


   Skills:
 - Level 1.7 Fighting
 + Level 4.5 Ranged Weapons
 - Level 1.7 Dodging
 - Level 0.8 Stealth


You had one spell level left.
You didn't know any spells.
Your spell library was empty.

Dungeon Overview and Level Annotations

Branches:
Dungeon (2/15)


Innate Abilities, Weirdness & Mutations

You have an increased reservoir of magic. (+10% MP)
You shall have no god before yourself.
Your divine heritage dramatically boosts your attributes as you level up.


Message History

There is an open door here.
There is a stone staircase leading down here.
You climb downwards.
There is a stone staircase leading up here.
An adder is nearby!
You shoot a bolt. The bolt hits the adder.
The adder hisses angrily.
The adder is lightly wounded.
You shoot a bolt. The bolt closely misses the adder.
You shoot a bolt. The bolt closely misses the adder.
The adder bites you but does no damage.
You shoot a bolt. The bolt closely misses the adder.
The adder bites you.
You are poisoned.
The adder poisons you! The adder bites you.
You shoot a bolt. The bolt misses the adder.
You feel very sick. The adder closely misses you. x2
You shoot a bolt. The bolt misses the adder.
You feel sick. The adder barely misses you. The adder bites you.
You are more poisoned.
The adder poisons you! The adder bites you but does no damage.
You shoot a bolt.
The bolt hits the adder but does no damage.
You feel very sick. The adder misses you.
The adder bites you but does no damage.
You shoot a bolt. The bolt completely misses the adder.
You feel sick. The adder bites you. The adder closely misses you.
You shoot a bolt. The bolt closely misses the adder.
You feel sick. The adder bites you.
* * * LOW HITPOINT WARNING * * *
You are lethally poisoned!
The adder poisons you! The adder bites you.
* * * LOW HITPOINT WARNING * * *
You shoot a bolt. The bolt barely misses the adder.
* * * LOW HITPOINT WARNING * * *
You feel very sick. The adder closely misses you.
The adder completely misses you. x2
You shoot a bolt. The bolt hits the adder!
You kill the adder!
You die...

###. . .
... ##. ..
......
#..#..#.#
#.....#.##
#........ #
.......†#.#
#@..# #####


There were no monsters in sight!

Vanquished Creatures
  An adder (D:2)
  3 ball pythons (D:1)
  2 endoplasms (D:1)
  A giant cockroach (D:1)
  2 goblins (D:1)
  A hobgoblin (D:1)
  5 jackals (D:1)
  3 kobolds (D:1)
  2 quokkas (D:1)
  3 bats (D:1)
  3 frilled lizards (D:1)
  3 rats (D:1)
29 creatures vanquished.

Notes
Turn   | Place    | Note
-------+----------+-------------------------------------------
     0 | D:1      | HoaS the Demigod Hunter began the quest for the Orb.
     0 | D:1      | Reached XP level 1. HP: 17/17 MP: 3/3
   122 | D:1      | Reached skill level 4 in Ranged Weapons
   146 | D:1      | Reached XP level 2. HP: 24/24 MP: 4/4
   659 | D:2      | Succumbed to an adder's poison

Illustrated notes

Levels and vault maps discovered:
D:1:      lightli_arrival_chessboard, layout_basic, dk_noncrumbling_3,
          minmay_misc_feat_more_columns, st_stairs_6
D:2:      minmay_spotlight, layout_basic, chequers_serial_rivers_micro_c,
          serial_bayou_pond_c, minmay_misc_feat_four_crosses,
          chequers_serial_rivers_micro_a, uniq_crazy_yiuf_cottage, uniq_sigmund

Skill      XL: |  1 |
---------------+----+-----
Ranged Weapons | 4 |  4.5
Fighting       | |  1.7
Dodging        | |  1.7
Stealth        | |  0.8

Action                     || total
---------------------------++-------
   Fire: Arbalest          ||    53
         Shortbow          ||     3
 Armour: Leather armour    ||    13
  Dodge: Dodged            ||    16

Table legend: (Time is in decaauts)
 A = Elapsed time spent in this place.
 B = Non-inter-level travel time spent in this place.
 C = Inter-level travel time spent in this place.
 D = Time resting spent in this place.
 E = Time spent auto-exploring this place.
 F = Levels seen in this place.
 G = Mean time per level.
                   A        B        C        D        E       F      G
               +--------+--------+--------+--------+--------+-----+--------+
         Total |    697 |    674 |     23 |      6 |    505 |   2 |  348.5 |
       Dungeon |    697 |    674 |     23 |      6 |    505 |   2 |  348.5 |
               +--------+--------+--------+--------+--------+-----+--------+

Top non-repeatable levels by time:
     D:1: 679 daAuts
     D:2: 17 daAuts
